 Dungeon Crawl Stone Soup version 0.31.0-11-ge490571c62 (webtiles) character file.

Game seed: 7413627179357195267

89 Flugkiller the Trooper (level 4, -4/41 HPs)
             Began as a Minotaur Fighter on Jan 28, 2024.
             Slain by Grinder (5 damage)
             ... while paralysed by Grinder
             ... on level 3 of the Dungeon.
             The game lasted 00:00:52 (2377 turns).

Flugkiller the Trooper (Minotaur Fighter)           Turns: 2377, Time: 00:00:53

Health: -4/41      AC:  9    Str: 23    XL:     4   Next: 31%
Magic:  3/3        EV:  2    Int:  5    God:
Gold:   84         SH:  0    Dex:  9    Spells: 3/3 levels left

rFire   . . .        a - +0 war axe
rCold   . . .        c - +0 buckler
rNeg    . . .        b - +0 scale mail
rPois   .            (helmet restricted)
rElec   .            (no cloak)
rCorr   .            i - +0 pair of gloves
SInv    .            k - +0 pair of boots
Will    .....        (no amulet) Stlth
                     (no ring)
HPRegen 0.26/turn    (no ring)
MPRegen 0.08/turn

%: no passive effects
@: paralysed
A: horns 2, retaliatory headbutt
a: no special abilities


You were on level 3 of the Dungeon.
You visited 1 branch of the dungeon, and saw 3 of its levels.

You collected 84 gold pieces.

Inventory:

Hand Weapons
 a - a +0 war axe (weapon)
Armour
 b - a +0 scale mail (worn)
 c - a +0 buckler (worn)
 i - a +0 pair of gloves (worn)
   (You found it on level 1 of the Dungeon)
 k - a +0 pair of boots (worn)
   (You found it on level 2 of the Dungeon)
Jewellery
 n - a ring of wizardry
   (You found it on level 3 of the Dungeon)
Wands
 m - a wand of quicksilver (1)
   (You found it on level 3 of the Dungeon)
Scrolls
 e - 2 scrolls of teleportation {unknown}
 f - a scroll of silence {unknown}
 g - 2 scrolls of identify {unknown}
 l - a scroll of noise {unknown}
Potions
 d - 2 potions of might
 h - 2 potions of lignification {unknown}
 j - a potion of attraction {unknown}
 o - a potion of haste {unknown}


   Skills:
 * Level 4.7 Fighting
 * Level 3.8 Axes
 + Level 4.1 Armour
 + Level 4.1 Shields


You had 3 spell levels left.
You didn't know any spells.
Your spell library contained the following spells:

 Spells                   Type           Power      Damage    Failure   Level
 Stone Arrow              Conj/Erth      0%         3d7       99%         3
 Animate Armour           Summ/Erth      0%         N/A       100%        4
 Lehudib's Crystal Spear  Conj/Erth      0%         10d2      100%        8


Dungeon Overview and Level Annotations

Branches:
Dungeon (3/15)

Altars:

Annotations:
D:3 Grinder


Innate Abilities, Weirdness & Mutations

You have a pair of horns on your head.
You reflexively headbutt those who attack you in melee.


Message History

No target in view!
A goblin comes into view. It is wielding a +0 vampiric dagger.
The goblin shouts!
A goblin is nearby!
A goblin is nearby!
The goblin hits you but does no damage.
You hit the goblin.
You kill the goblin!
No target in view!
No target in view!
No target in view!
Things that are here:
a +0 vampiric dagger; a goblin corpse No target in view!
o - a viscous silvery potion No target in view!
An endoplasm comes into view.
An endoplasm is nearby!
You barely miss the endoplasm.
The endoplasm hits you but does no damage. x2
You hit the endoplasm.
You kill the endoplasm!
No target in view!
No target in view!
No target in view!
No target in view!
You open the door.
There is an open door here.
An iguana comes into view.
The iguana hisses angrily.
Grinder comes into view.
The iguana moves out of view.
Grinder shouts!
There are monsters nearby!
There are monsters nearby!
You closely miss Grinder. You closely miss the iguana.
Grinder barely misses you.
The iguana bites you but does no damage.
You slash Grinder!
Grinder is moderately wounded.
You hit the iguana. Grinder hits you but does no damage.
The iguana completely misses you. You furiously retaliate!
You headbutt the iguana!
You kill the iguana!
Grinder hits you!
You writhe in agony.
You have reached level 4!
You feel stronger.
You closely miss Grinder. You headbutt Grinder!
Grinder is heavily wounded.
You block Grinder's attack.
You slash Grinder!
Grinder is severely wounded.
Grinder blinks!
Grinder hits you but does no damage.
You barely miss Grinder.
Grinder is severely wounded.
Grinder hits you but does no damage.
You closely miss Grinder.
Grinder is severely wounded.
Grinder hits you but does no damage.
You barely miss Grinder.
Grinder is severely wounded.
Grinder says, "What is the universe for?"
Grinder hits you.
You writhe in agony.
Grinder gestures at you. Pain shoots through your body!
You barely miss Grinder.
Grinder is severely wounded.
Grinder says, "DUCK!"
Grinder hits you but does no damage.
You are too injured to fight recklessly!
You closely miss Grinder. Your headbutt misses Grinder.
Grinder is severely wounded.
Grinder hits you!
* * * LOW HITPOINT WARNING * * *
You hit Grinder. Your headbutt misses Grinder.
Grinder is severely wounded.
Grinder hits you but does no damage.
Grinder blinks!
Unknown command.
You see here an iguana corpse.
You start resting.
Grinder is nearby!
Aiming: Quicksilver Bolt
Press: ? - help, Shift-Dir - straight line, f - Grinder
Aim: Grinder (severely wounded, 68% to hit)
The bolt of dispelling energy misses Grinder.
Aiming: Quicksilver Bolt
Press: ? - help, Shift-Dir - straight line, f/p - Grinder
Aim: Grinder (severely wounded, 68% to hit)
The bolt of dispelling energy hits Grinder!
Grinder is almost dead.
Grinder hits you but does no damage.
You barely miss Grinder.
Grinder is almost dead.
Grinder gestures at you.
You suddenly lose the ability to move!
Grinder hits you!
* * * LOW HITPOINT WARNING * * *
You writhe in agony.
You die...
Grinder says, "Now the real fun starts!"

#.###..##......##.#.........##.#
#.###..#######.##.#.#..####.##.#
##...#....#####.##.#....# .##..
####.#...........#.###..####.....
####.####..####..#.# #.......####
.....#........#..#.# #........
..............#..#.###.###.######
######.######.#..#.##......# #...
#.# #..#.@#.##..##### #...
######+## #...5##.....#######...
........# #..#.ยง...##.#....##...
........# #..###.>###.#....##...
........# #.....#.....#.........
........# #.###.#.#####....####'
........# #.# #.#.......#.## #.
######'## #.# #.#####.###.# #. #
#.# #.# #.# #.# #.# #.


You could see Grinder.

Vanquished Creatures
  An iguana (D:3)
  An adder (D:2)
  4 dart slugs
  6 bats
  4 endoplasms
  3 giant cockroaches
  5 goblins
  2 hobgoblins (D:2)
  2 quokkas (D:2)
  6 ball pythons
  3 frilled lizards
  2 kobolds
  6 rats
45 creatures vanquished.

Notes
Turn   | Place    | Note
-------+----------+-------------------------------------------
     0 | D:1      | Flugkiller the Minotaur Fighter began the quest for the
                  | Orb.
     0 | D:1      | Reached XP level 1. HP: 19/19 MP: 0/0
   287 | D:1      | Reached XP level 2. HP: 27/27 MP: 1/1
  1160 | D:2      | Reached XP level 3. HP: 32/33 MP: 2/2
  2353 | D:3      | Noticed Grinder
  2357 | D:3      | Reached XP level 4. HP: 24/41 MP: 3/3
  2376 | D:3      | Paralysed by Grinder for 3 turns
  2377 | D:3      | HP: 1/41 [Grinder (8)]
  2377 | D:3      | Slain by Grinder

Illustrated notes

Levels and vault maps discovered:
D:1:      erik_arrival_orb_chamber, layout_basic, serial_bayou,
          serial_bayou_crossing, serial_bayou_pond_e, serial_bayou_shore_a,
          serial_bayou_shore_b, serial_bayou_lagoon_a, hangedman_decor_riveting
D:2:      layout_basic
D:3:      layout_basic, minmay_misc_feat_roman, uniq_grinder

Skill      XL: |  1  2  3 |
---------------+----------+-----
Fighting       | 4 |  4.7
Axes           | 3 |  3.8
Armour         | 4 |  4.1
Shields        | 4 |  4.1

Action                     |  1- 3 |  4- 6 || total
---------------------------+-------+-------++-------
  Melee: War axe           |   105 |     9 ||   114
         Headbutt          |    15 |     1 ||    16
  Evoke: Wand              |       |     2 ||     2
 Armour: Scale mail        |    66 |     9 ||    75
  Dodge: Dodged            |    39 |       ||    39
  Block: Buckler           |    22 |     1 ||    23
